 Dungeon Sprint DCSS version 0.30-a0-738-g116ff8c4af (webtiles) character file.

Game seed: 17028156866869012272

2906 BigDaddyOpFi the Thaumaturge (level 10, -6/60 HPs)
             Began as a Djinni Earth Elementalist on Feb 3, 2023.
             Was a High Priest of Qazlal.
             Mangled by a boulder beetle (17 damage)
             ... in the Dungeon (Sprint VII: "The Pits").
             The game lasted 00:03:37 (2164 turns).

BigDaddyOpFi the Thaumaturge (DjEE)                 Turns: 2164, Time: 00:03:38

Health: -6/60      AC:  6    Str: 10    XL:     10   Next: 6%
Gold:   0          EV: 12    Int: 25    God:    Qazlal [*****.] SH:  7 Dex: 13

rFire   + + .      SeeInvis .    o - +2 war axe (heavy)
rCold   x . .      Faith    .    (no shield)
rNeg    . . .      Spirit   .    a - +0 robe
rPois   ∞          Reflect  .    (no helmet)
rElec   .          Harm     .    (no cloak)
rCorr   .          Rampage  .    n - +0 pair of gloves
Will    +....      NoTele   +    (boots unavailable)
Stlth   +                        (no amulet)
HPRegen 0.30/turn                g - +3 ring of intelligence
MPRegen 0.00/turn                j - +3 ring of strength

@: protected from physical damage, flying, repel missiles
A: sickness immunity, fire resistance 2, cold vulnerability 1, float, innate
caster, HP casting, extra vitality 1
a: Renounce Religion, Upheaval, Elemental Force, Disaster Area


You were in the Dungeon.
You worshipped Qazlal.
Qazlal was extremely pleased with you.
You visited 1 branch

Inventory:

Hand Weapons
 d - a +3 war axe
 i - a +2 hand axe
 o - a +2 heavy war axe (weapon)
Armour
 a - a +0 robe (worn)
 n - a +0 pair of gloves (worn)
Jewellery
 g - a +3 ring of intelligence (left hand)
 j - a +3 ring of strength (right hand)
Potions
 b - 5 potions of magic
 c - 7 potions of curing
 e - a potion of haste
 f - 4 potions of berserk rage
 h - 2 potions of invisibility
 k - 6 potions of heal wounds
 l - a potion of might


   Skills:
 - Level 2.4 Dodging
 - Level 1.8 Stealth
 * Level 14.1 Spellcasting
 + Level 12.8 Invocations


You had 17 spell levels left.
You knew the following spells:

 Your Spells              Type           Power      Damage    Failure   Level
a - Sandblast             Erth           100%       2d20      0%          1
b - Passwall              Tmut/Erth      60%        N/A       0%          2
c - Stone Arrow           Conj/Erth      100%       3d13      1%          3
d - Petrify               Tmut/Erth      73%        N/A       1%          4
e - Shock                 Conj/Air       100%       1d9       0%          1
f - Poisonous Vapours     Pois/Air       100%       N/A       0%          2
g - Vampiric Draining     Necr           73%        2d11      1%          3
h - Manifold Assault      Tloc           73%        N/A       1%          4
Your spell library was empty.

Dungeon Overview and Level Annotations

Branches:
Dungeon (1/1)

Altars:
Ashenzari
Cheibriados
Dithmenos
Elyvilon
Fedhas
Gozag
Hepliaklqana
Makhleb
Nemelex Xobeh
Okawaru
Qazlal
Ru
Trog
Uskayaw
Wu Jian
Xom
Yredelemnul
Zin
The Shining One
Jiyva
Lugonu


Innate Abilities, Weirdness & Mutations

You are immune to sickness and miasma.
You are immune to poison.
Your flesh is very heat resistant. (rF++)
You are vulnerable to cold. (rC-)
You float through the air rather than walking.
You learn spells naturally, not from books.
Your magical power is your life essence.
You have superior vitality. (+4 MHP)


Message History

The boulder beetle is severely wounded.
You hear a howl! x2
The boulder beetle bites you!! The troll bites you!
* * * LOW HITPOINT WARNING * * *
You feel protected from physical attacks.
You block the troll's attack. x2
You feel much better.
You hear a shout!
You hear a howl!
The boulder beetle barely misses you. The troll barely misses you.
The troll claws you but does no damage. The troll misses you.
You feel much better. You block the boulder beetle's attack.
The troll bites you!
The troll claws you but does no damage. x2
Casting: Stone Arrow (safe; 1% risk of failure)
Confirm with . or Enter, or press ? or * to list all spells.
Aiming: Stone Arrow (safe; 1% risk of failure)
Press: ? - help, Shift-Dir - straight line, f/p - boulder beetle
Aim: a boulder beetle (sparse dust, severely wounded, 100% to hit)
The stone arrow hits the boulder beetle!
The boulder beetle is almost dead.
The boulder beetle bites you but does no damage.
You block the troll's attack. The troll claws you.
The troll claws you but does no damage.
A cane toad comes into view.
Casting: Stone Arrow (safe; 1% risk of failure)
Confirm with . or Enter, or press ? or * to list all spells.
Aiming: Stone Arrow (safe; 1% risk of failure)
Press: ? - help, Shift-Dir - straight line, f/p - boulder beetle
Aim: a boulder beetle (sparse dust, almost dead, 100% to hit)
The stone arrow hits the boulder beetle.
The boulder beetle is almost dead.
The wolf is struck by lightning.
A river rat comes into view.
The troll is engulfed in blazing flames.
The troll bites you!
* * * LOW HITPOINT WARNING * * *
The troll claws you but does no damage. The troll claws you.
* * * LOW HITPOINT WARNING * * *
You feel more protected from physical attacks.
The boulder beetle bites you!
You die...

'#####......#..#......#
....##................#
###'#####'#####''######
....##.......##')#####
..†.##.......##......+
#'####.......##......+
....##...<...##.....##
....##.......##...###
....##.......##☼@##
######.......##BT# .#..
##########.hh
.#.############++#F
.#)#)...#....# #r
.#)#....#..[[# ##
.#.)÷)..'..[.#
.#[#....#.!))#
.'.#....#..))#


You could see a boulder beetle, a cane toad, a troll, 2 wolves and a river rat.

Vanquished Creatures
  A shadow wraith (D)
  A deep elf pyromancer (D)
  An elephant (D)
  A black mamba (D)
  A warg (D)
  A water moccasin (D)
  3 floating eyes (D)
  A sky beast (D)
  A centaur (D)
  A phantom (D)
  A scorpion (D)
  6 wights (D)
  A quasit (D)
  A gnoll bouda (D)
  A mummy (D)
  5 gnolls (D)
  A river rat (D)
  2 jackals (D)
  A ball python skeleton (D)
  A ball python zombie (D)
  2 bats (D)
  A quokka skeleton (D)
  A rat (D)
36 creatures vanquished.

Notes
Turn   | Place    | Note
-------+----------+-------------------------------------------
     0 | D        | BigDaddyOpFi the Djinni Earth Elementalist began the quest
                  | for the Orb.
     0 | D        | BigDaddyOpFi set off with the following spells memorised:
                  | Sandblast, Passwall, Stone Arrow, Petrify.
     0 | D        | Reached XP level 1. HP: 15/15 MP: 0/0
    20 | D        | Found a bloodstained altar of Trog.
    20 | D        | Found a viscous altar of Jiyva.
    20 | D        | Found a hazy altar of Hepliaklqana.
    20 | D        | Found an opulent altar of Gozag.
    21 | D        | Found a glowing golden altar of the Shining One.
    21 | D        | Found a glowing silver altar of Zin.
    21 | D        | Found a basalt altar of Yredelemnul.
    21 | D        | Found a shimmering altar of Xom.
    21 | D        | Found an ornate altar of the Wu Jian Council.
    21 | D        | Found a sacrificial altar of Ru.
    21 | D        | Found a stormy altar of Qazlal.
    21 | D        | Found an iron altar of Okawaru.
    21 | D        | Found a sparkling altar of Nemelex Xobeh.
    21 | D        | Found a burning altar of Makhleb.
    21 | D        | Found a blossoming altar of Fedhas.
    21 | D        | Found a white marble altar of Elyvilon.
    21 | D        | Found a shadowy altar of Dithmenos.
    21 | D        | Found a snail-covered altar of Cheibriados.
    22 | D        | Found a corrupted altar of Lugonu.
    24 | D        | Found a broken altar of Ashenzari.
    24 | D        | Found a hide-covered altar of Uskayaw.
    28 | D        | Became a worshipper of Qazlal Stormbringer
    64 | D        | Reached * piety under Qazlal
    65 | D        | Reached skill level 3 in Spellcasting
    65 | D        | Reached skill level 1 in Invocations
   103 | D        | Noticed a floating eye
   105 | D        | Killed a floating eye
   106 | D        | Reached skill level 6 in Spellcasting
   106 | D        | Reached XP level 2. HP: 19/21 MP: 0/0
   106 | D        | Reached XP level 3. HP: 23/25 MP: 0/0
   106 | D        | Learned a level 1 spell: Shock
   106 | D        | Reached XP level 4. HP: 29/31 MP: 0/0
   106 | D        | Reached XP level 5. HP: 33/35 MP: 0/0
   106 | D        | Learned a level 2 spell: Poisonous Vapours
   301 | D        | Reached ** piety under Qazlal
   303 | D        | Reached skill level 5 in Invocations
   304 | D        | Noticed a floating eye
   306 | D        | Killed a floating eye
   307 | D        | Reached skill level 7 in Spellcasting
   307 | D        | Reached XP level 6. HP: 27/40 MP: 0/0
   410 | D        | Noticed a floating eye
   410 | D        | Noticed a water moccasin
   411 | D        | Paralysed by a floating eye for 4 turns
   416 | D        | Killed a floating eye
   416 | D        | Reached *** piety under Qazlal
   417 | D        | Reached skill level 8 in Spellcasting
   420 | D        | Killed a water moccasin
   421 | D        | Reached skill level 9 in Spellcasting
   421 | D        | Reached XP level 7. HP: 36/45 MP: 0/0
   421 | D        | Learned a level 3 spell: Vampiric Draining
   434 | D        | Reached **** piety under Qazlal
   559 | D        | Reached ***** piety under Qazlal
   561 | D        | Reached skill level 10 in Spellcasting
   849 | D        | Noticed a deep elf pyromancer
   850 | D        | Noticed a fire elemental
   850 | D        | Noticed a fire elemental
   865 | D        | Killed a deep elf pyromancer
   866 | D        | Reached skill level 11 in Spellcasting
   866 | D        | Reached skill level 10 in Invocations
   866 | D        | Reached XP level 8. HP: 22/50 MP: 0/0
   985 | D        | Reached skill level 12 in Spellcasting
   985 | D        | Reached XP level 9. HP: 21/55 MP: 0/0
   985 | D        | Learned a level 4 spell: Manifold Assault
  1501 | D        | Noticed a black mamba
  1504 | D        | Killed a black mamba
  1507 | D        | Reached skill level 13 in Spellcasting
  1508 | D        | Killed a shadow wraith
  1833 | D        | Noticed an elephant
  1838 | D        | Killed an elephant
  1839 | D        | Reached skill level 14 in Spellcasting
  1839 | D        | Reached XP level 10. HP: 31/60 MP: 0/0
  2154 | D        | Noticed a boulder beetle
  2164 | D        | Noticed a cane toad
  2164 | D        | Mangled by a boulder beetle

Illustrated notes

Levels and vault maps discovered:
D:        pitsprint [storerooms_1, entrance_room_1, metal_vault_4, armoury_1,
          mini_pit_1, grid_room_1, main_hall_1, silver_pit, the_coven_2,
          the_vestibule_1, steel_vault_3, golden_pit, hallway_of_sentries,
          crystal_vault_4, iron_vault_5, final_vault]

Skill      XL: |  1  2  3  4  5  6  7  8  9 |
---------------+----------------------------+-----
Spellcasting   | 6 7 9 11 12 14 | 14.1
Invocations    | 4 6 8 10 12 | 12.8
Dodging        | |  2.4
Stealth        | |  1.8

Action                     |  1- 3 |  4- 6 |  7- 9 | 10-12 || total
---------------------------+-------+-------+-------+-------++-------
  Melee: Unarmed           |     3 |       |       |       ||     3
         Hand axe          |       |       |     7 |       ||     7
         War axe           |       |       |       |     2 ||     2
   Cast: Sandblast         |     9 |       |       |       ||     9
         Stone Arrow       |       |     9 |    28 |     8 ||    45
         Shock             |       |     1 |    13 |       ||    14
         Poisonous Vapours |       |     1 |       |       ||     1
         Petrify           |       |       |     1 |       ||     1
         Manifold Assault  |       |       |     1 |     2 ||     3
 Invoke: Disaster Area     |       |       |     1 |       ||     1
    Use: Potion            |       |     1 |     5 |     2 ||     8
         Scroll            |       |       |     1 |       ||     1
 Armour: Robe              |     1 |       |     9 |     7 ||    17
  Dodge: Dodged            |     4 |     6 |    29 |     6 ||    45
  Block: Other             |       |       |     9 |     8 ||    17

Table legend: (Time is in decaauts)
 A = Elapsed time spent in this place.
 B = Non-inter-level travel time spent in this place.
 C = Inter-level travel time spent in this place.
 D = Time resting spent in this place.
 E = Time spent auto-exploring this place.
 F = Levels seen in this place.
 G = Mean time per level.
                   A        B        C        D        E       F      G
               +--------+--------+--------+--------+--------+-----+--------+
         Total |   2173 |   2108 |     65 |   1799 |      0 |   1 | 2173.0 |
       Dungeon |   2173 |   2108 |     65 |   1799 |      0 |   1 | 2173.0 |
               +--------+--------+--------+--------+--------+-----+--------+

Top non-repeatable levels by time:
       D: 2173 daAuts
